 Dungeon Crawl Stone Soup version 0.29-a0-817-g9904bce7a6 (webtiles) character file.

Game seed: 4108236573600488689

4934 tsouns the Arsonist (level 10, -8/84 HPs)
             Began as a Naga Fire Elementalist on July 5, 2022.
             Was a Believer of Kikubaaqudgha.
             Killed from afar by a manticore (14 damage)
             ... with a volley of spikes
             ... on level 12 of the Dungeon.
             The game lasted 00:22:07 (8646 turns).

tsouns the Arsonist (Naga Fire Elementalist)        Turns: 8646, Time: 00:22:07

Health: -8/84      AC: 10    Str: 10    XL:     10   Next: 52%
Magic:  11/21      EV:  8    Int: 22    God:    Kikubaaqudgha [**....]
Gold:   549        SH:  0    Dex: 12    Spells: 13/24 levels left

rFire   + + .      SeeInvis +   z - +0 battleaxe (freeze)
rCold   . . .      Faith    .   (shield currently unavailable)
rNeg    . . .      Spirit   .   a - +0 robe
rPois   +          Reflect  .   (no helmet)
rElec   .          Harm     .   H - +0 cloak
rCorr   .          Rampage  .   (no gloves)
Will    +....                   n - +1 barding
Stlth   ++++......              (no amulet)
HPRegen 0.24/turn               s - ring "Liban" {Drain Fly rPois rF+ Int+2}
MPRegen 0.17/turn               y - ring of protection from fire

@: spiked, flying, very slow
A: AC +3, large, see invisible, deformed body, poison resistance, slowness 2,
spit poison 1, naga tail 1
a: Spit Poison, Renounce Religion, Unearth Wretches


You were on level 12 of the Dungeon.
You worshipped Kikubaaqudgha.
Kikubaaqudgha was pleased with you.
You visited 1 branch of the dungeon, and saw 10 of its levels.

You collected 549 gold pieces.

Inventory:

Hand Weapons
 i - a +1 war axe of flaming
 z - a +0 battleaxe of freezing (weapon)
Missiles
 g - 2 throwing nets
 l - 6 javelins
Armour
 a - a +0 robe (worn)
 n - a +1 barding (worn)
 H - a +0 cloak (worn)
Jewellery
 s - the ring "Liban" (left hand) {Drain Fly rPois rF+ Int+2}
   (You found it on level 6 of the Dungeon)

   [ring of poison resistance]

   Int:       It affects your intelligence (+2).
   rF:        It protects you from fire.
   rPois:     It protects you from poison.
   Fly:       It grants you flight.
   Drain:     It drains your maximum health when unequipped.
 x - a ring of fire
 y - a ring of protection from fire (right hand)
Wands
 r - a wand of polymorph (10)
 u - a wand of flame (24)
 D - a wand of acid (2)
 E - a wand of mindburst (8)
 G - a wand of iceblast (9)
Scrolls
 c - 5 scrolls of immolation
 d - 3 scrolls of identify
 h - 3 scrolls of teleportation
 j - a scroll of vulnerability
 p - a scroll of poison
 w - a scroll of fear
 A - a scroll of amnesia {unknown}
 B - a scroll of torment {unknown}
 C - a scroll of enchant weapon
 F - a scroll of blinking {unknown}
Potions
 b - a potion of magic
 e - 6 potions of curing
 f - a potion of ambrosia
 k - 3 potions of heal wounds {unknown}
 m - 3 potions of lignification
 o - a potion of degeneration
 q - a potion of berserk rage
 t - a potion of brilliance
 v - a potion of cancellation {unknown}


   Skills:
 + Level 3.2 Fighting
 + Level 3.2 Axes
 - Level 1.5 Dodging
 - Level 8.3 Stealth
 + Level 7.7 Spellcasting
 + Level 6.4 Conjurations
 + Level 3.0 Necromancy
 + Level 8.5 Fire Magic


You had 13 spell levels left.
You knew the following spells:

 Your Spells              Type           Power      Damage    Failure   Level
a - Foxfire               Conj/Fire      100%       2x1d9     1%          1
b - Scorch                Fire           92%        2d9       1%          2
c - Conjure Flame         Conj/Fire      41%        6-21      1%          3
d - Flame Wave            Conj/Fire      41%        2d9       3%          4
e - Necrotise             Necr           84%        1d8       2%          1

Your spell library contained the following spells:

 Spells                   Type           Power      Damage    Failure   Level
 Sublimation of Blood     Necr           21%        N/A       3%          2
 Inner Flame              Hex/Fire       27%        N/A       4%          3
 Apportation              Tloc           16%        N/A       8%          1
 Summon Small Mammal      Summ           32%        N/A       8%          1
 Tukima's Dance           Hex            8%         N/A       22%         3
 Animate Dead             Necr           21%        N/A       22%         4
 Anguish                  Hex/Necr       7%         N/A       38%         4
 Cause Fear               Hex            4%         N/A       58%         4
 Passage of Golubria      Tloc           8%         N/A       58%         4
 Yara's Violent Unravell  Hex/Tmut       4%         3d4       91%         5
 Dragon Form              Tmut           4%         N/A       100%        7
 Dragon's Call            Summ           4%         N/A       100%        9


Dungeon Overview and Level Annotations

Branches:
Dungeon (9/15)             Temple (0/1) D:6
   Lair: D:8-11         Orc: D:9-12

Altars:
Ashenzari
Fedhas
Gozag
Kikubaaqudgha
Makhleb
Qazlal
Trog
Uskayaw
Vehumet
Yredelemnul
Zin

Annotations:
D:5 2 transporters, Grwwl's ghost, amateur VSFi
D:9 exclusion: statue


Innate Abilities, Weirdness & Mutations

Your serpentine skin is tough. (AC +3)
You have supernaturally acute eyesight. (SInv)
Armour fits poorly on your strangely shaped body.
Your system is resistant to poisons. (rPois)
You cover ground very slowly.
You can spit poison.
You have a snake-like lower body.


Message History

Press: ? - help, Shift-Dir - straight line, f - boulder beetle, p - manticore
Aim: a boulder beetle (100% to hit)
The bolt of acid hits the manticore!
The acid corrodes the manticore!
The manticore is moderately wounded.
The bolt of acid hits the boulder beetle.
The acid corrodes the boulder beetle!
The boulder beetle is lightly wounded.
Unknown command.
Aiming: Corrosive Bolt
Press: ? - help, Shift-Dir - straight line, f/p - boulder beetle
Aim: a boulder beetle (lightly wounded, covered in acid, 100% to hit)
The bolt of acid hits the manticore!!
The manticore seems to be corroded for longer.
The manticore is severely wounded.
The bolt of acid hits the boulder beetle.
The boulder beetle is lightly wounded.
The manticore flicks its tail.
The volley of spikes hits you.
The barbed spikes become lodged in your body.
* * * LOW HITPOINT WARNING * * *
You hear a horrible gurgling sound!
Aiming: Corrosive Bolt
Press: ? - help, Shift-Dir - straight line, f/p - boulder beetle
Aim: a boulder beetle (lightly wounded, covered in acid, 100% to hit)
The bolt of acid misses the manticore.
The bolt of acid hits the boulder beetle.
The boulder beetle seems to be corroded for longer.
The boulder beetle is lightly wounded.
The manticore flicks its tail.
The volley of spikes hits you!
The barbed spikes become lodged in your body.
* * * LOW HITPOINT WARNING * * *
A cyan ugly thing comes into view.
Unknown command.
You feel better.
The manticore flicks its tail.
The volley of spikes hits you!
The barbed spikes become lodged in your body.
You die...
Kikubaaqudgha rasps: "You have failed me!
Welcome... death!"

# ####u#
#^HB.#
##.####
#####..#
#..†@.##
.....#####
.#.


You could see a boulder beetle (corroded), a cyan ugly thing and a manticore
(corroded).

Vanquished Creatures
  Erica (D:8)
  Maurice (D:8)
  Prince Ribbit (D:8)
  9 yaks
  A human (D:5)
  A water moccasin (D:5)
  An orc warrior (D:7)
  A sky beast (D:6)
  An ice beast (D:5)
  4 ogres
  A centaur (D:8)
  4 bullfrogs
  A kobold brigand (D:7)
  4 scorpions
  A necrophage (D:5)
  5 wights (D:9)
  A howler monkey (D:12)
  3 jellies
  A gnoll bouda (D:7)
  An orc priest (D:7)
  4 hounds
  Jessica (D:2)
  3 iguanas
  3 orc wizards
  11 gnolls
  4 adders
  2 shadow imps
  2 white imps
  An ufetubus (D:4)
  2 worms
  2 dart slugs
  25 orcs
  2 ball pythons
  9 endoplasms
  4 giant cockroaches
  5 goblins
  5 hobgoblins
  7 jackals
  2 bats
  A frilled lizard (D:1)
  A jackal skeleton (D:5)
  A jackal zombie (D:5)
  9 kobolds
  4 rats
153 creatures vanquished.

Vanquished Creatures (others)
  421 foxfires
421 creatures vanquished.

Grand Total: 574 creatures vanquished

Notes
Turn   | Place    | Note
-------+----------+-------------------------------------------
     0 | D:1      | tsouns the Naga Fire Elementalist began the quest for the
                  | Orb.
     0 | D:1      | Reached XP level 1. HP: 15/15 MP: 3/3
   209 | D:1      | Reached XP level 2. HP: 21/22 MP: 0/5
  1161 | D:2      | Noticed Jessica
  1168 | D:2      | Killed Jessica
  1169 | D:2      | Reached XP level 3. HP: 20/28 MP: 0/6
  1472 | D:2      | Learned a level 2 spell: Scorch
  1476 | D:2      | Learned a level 3 spell: Conjure Flame
  1720 | D:3      | Reached XP level 4. HP: 34/36 MP: 7/7
  2141 | D:3      | Reached XP level 5. HP: 37/42 MP: 0/9
  2843 | D:4      | Reached skill level 5 in Stealth
  2952 | D:4      | Reached XP level 6. HP: 41/49 MP: 2/10
  3704 | D:4      | Found a glowing silver altar of Zin.
  3704 | D:4      | Found a bloodstained altar of Trog.
  3786 | D:4      | Reached XP level 7. HP: 45/55 MP: 6/12
  3835 | D:4      | Found an ancient bone altar of Kikubaaqudgha.
  4119 | D:4      | Became a worshipper of Kikubaaqudgha
  4127 | D:5      | Entered Level 5 of the Dungeon
  4132 | D:5      | Found a transporter.
  4243 | D:5      | Noticed Grwwl's ghost (amateur VSFi)
  4385 | D:5      | Found a runed translucent door.
  4385 | D:5      | Noticed a human
  4392 | D:5      | Learned a level 4 spell: Flame Wave
  4412 | D:5      | Found a basalt altar of Yredelemnul.
  4664 | D:5      | Found a transporter.
  4686 | D:5      | Reached skill level 5 in Fire Magic
  4772 | D:5      | Killed a human
  5221 | D:5      | Reached XP level 8. HP: 62/62 MP: 7/14
  5561 | D:6      | Reached skill level 5 in Spellcasting
  5893 | D:6      | Found a blossoming altar of Fedhas.
  6069 | D:6      | Found a staircase to the Ecumenical Temple.
  6208 | D:6      | Reached XP level 9. HP: 69/69 MP: 12/17
  6228 | D:6      | Reached * piety under Kikubaaqudgha
  6228 | D:6      | Received a gift from Kikubaaqudgha
  6305 | D:6      | Identified the ring "Liban" {Drain Fly rPois rF+ Int+2}
  6646 | D:7      | Found an opulent altar of Gozag.
  6646 | D:7      | Found a burning altar of Makhleb.
  6646 | D:7      | Found a stormy altar of Qazlal.
  6646 | D:7      | Found a hide-covered altar of Uskayaw.
  6919 | D:7      | Reached skill level 5 in Conjurations
  6925 | D:7      | Reached skill level 1 in Fighting
  7744 | D:8      | Learned a level 1 spell: Necrotise
  7790 | D:8      | Noticed Prince Ribbit
  7797 | D:8      | Killed Prince Ribbit
  7798 | D:8      | Reached skill level 1 in Axes
  7898 | D:8      | Noticed Erica
  7906 | D:8      | Killed Erica
  7907 | D:8      | Reached skill level 1 in Necromancy
  7907 | D:8      | Reached XP level 10. HP: 68/80 MP: 10/21
  8098 | D:8      | Noticed Maurice
  8106 | D:8      | Killed Maurice
  8221 | D:8      | Found a broken altar of Ashenzari.
  8365 | D:9      | Found a radiant altar of Vehumet.
  8560 | D:9      | You are sucked into a shaft and drop 3 floors!
  8578 | D:12     | Reached ** piety under Kikubaaqudgha
  8640 | D:12     | Noticed a manticore
  8642 | D:12     | Noticed a boulder beetle
  8645 | D:12     | HP: 1/84 [manticore/volley of spikes (15)]
  8645 | D:12     | Noticed a cyan ugly thing
  8646 | D:12     | Killed from afar by a manticore

Illustrated notes

Levels and vault maps discovered:
D:1:      dpeg_arrival_line_fractal, layout_loops_ring, corexii_corridor_pit
D:2:      layout_rooms, uniq_jessica
D:3:      layout_loops_ring, minmay_misc_feat_plants
D:4:      layout_rooms, grunt_temple_overflow_open,
          mainiacjoe_overflow_tiny_flanked
D:5:      layout_rooms, dk_yredelemnul_ordeal, gammafunk_ghost_arena,
          grunt_ministairs_7
D:6:      layout_loops_cross, mainiacjoe_overflow_chevrons,
          minmay_temple_entry_wispy, wad_floor_pattern_untrapped,
          minmay_checkerbox
D:7:      layout_cave_pools, chequers_temple_overflow_statue_of_worship,
          glass_columns_a
D:8:      layout_cave_pools, ashenzari_conservatory_becter,
          mrwooster_statue_mirror, minmay_hedge_maze, uniq_erica, uniq_maurice,
          uniq_prince_ribbit1
D:9:      layout_basic, mainiacjoe_overflow_24_doors, vehumet_statue,
          minmay_diamond_spiral, uniq_erolcha, uniq_gastronok
D:12:     evilmike_diamond_1, layout_rooms, orc_0_dummy, gauntlet_entry_generic

Skill      XL: |  1  2  3  4  5  6  7  8  9 10 |
---------------+-------------------------------+-----
Stealth        | 4 5 6 7 8 |  8.3
Conjurations   | 2 3 4 6 |  6.4
Spellcasting   | 3 4 5 7 |  7.7
Fire Magic     | 4 5 6 8 |  8.5
Fighting       | 2 3 |  3.2
Axes           | 2 3 |  3.2
Necromancy     | 1 3 |  3.0
Dodging        | |  1.5

Action                   |  1- 3 |  4- 6 |  7- 9 | 10-12 || total
-------------------------+-------+-------+-------+-------++-------
Melee: War axe           |    17 |    28 |    20 |       ||    65
       Unarmed           |     3 |       |       |       ||     3
       Punch             |       |     2 |       |       ||     2
       Battleaxe         |       |       |     1 |     7 ||     8
 Cast: Foxfire           |    31 |    47 |   143 |    25 ||   246
       Scorch            |       |    35 |    53 |    14 ||   102
       Flame Wave        |       |       |     7 |     3 ||    10
Evoke: Wand              |       |       |       |     6 ||     6
  Use: Scroll            |       |       |    20 |       ||    20
       Potion            |       |       |       |     1 ||     1
 Stab: Sleeping          |     2 |     1 |       |       ||     3
Armor: Robe              |    12 |    35 |    30 |     9 ||    86
Dodge: Dodged            |    26 |    37 |    30 |     8 ||   101

Table legend: (Time is in decaauts)
 A = Elapsed time spent in this place.
 B = Non-inter-level travel time spent in this place.
 C = Inter-level travel time spent in this place.
 D = Time resting spent in this place.
 E = Time spent auto-exploring this place.
 F = Levels seen in this place.
 G = Mean time per level.
                   A        B        C        D        E       F      G
               +--------+--------+--------+--------+--------+-----+--------+
         Total |  10197 |   9887 |    310 |      0 |   8554 |  10 | 1019.7 |
       Dungeon |  10197 |   9887 |    310 |      0 |   8554 |  10 | 1019.7 |
               +--------+--------+--------+--------+--------+-----+--------+

Top non-repeatable levels by time:
     D:6: 1559 daAuts
     D:4: 1469 daAuts
     D:5: 1382 daAuts
     D:1: 1305 daAuts
     D:3: 1182 daAuts
     D:7: 1131 daAuts
     D:2: 962 daAuts
     D:8: 884 daAuts
     D:9: 228 daAuts
    D:12: 91 daAuts
